 Dungeon Crawl Stone Soup version 0.28.0-53-g5a82cb258f (webtiles) character file.

Game seed: 2541824679181349408

39 Stomo the Skirmisher (level 3, -24/29 HPs)
             Began as a Demonspawn Monk on July 4, 2022.
             Annihilated by an ogre
             ... wielding a +0 giant club
              (29 damage)
             ... on level 2 of the Dungeon.
             The game lasted 00:01:09 (1902 turns).

Stomo the Skirmisher (Demonspawn Monk)              Turns: 1902, Time: 00:01:10

Health: -24/29     AC:  3    Str: 13    XL:     3   Next: 26%
Magic:  3/3        EV: 13    Int: 13    God:
Gold:   46         SH:  0    Dex: 15    Spells: 2/2 levels left

rFire   . . .      SeeInvis .   a - +0 mace
rCold   . . .      Faith    .   (no shield)
rNeg    . . .      Spirit   .   b - +0 robe
rPois   .          Reflect  .   (no helmet)
rElec   .          Harm     .   (no cloak)
rCorr   .          Rampage  .   e - +0 pair of gloves
Will    .....                   (no boots)
Stlth   ++........              (no amulet)
HPRegen 0.09/turn               (no ring)
MPRegen 0.08/turn               (no ring)

@: hasted, very quick
A: big brain 1
a: no special abilities


You were on level 2 of the Dungeon.
You visited 1 branch of the dungeon, and saw 2 of its levels.

You collected 46 gold pieces.

Inventory:

Hand Weapons
 a - a +0 mace (weapon)
Armour
 b - a +0 robe (worn)
 e - a +0 pair of gloves (worn)
Jewellery
 d - an amulet of reflection
Potions
 f - a potion of haste
 g - a potion of ambrosia {unknown}
 i - a potion of heal wounds {unknown}


   Skills:
 + Level 3.4 Fighting
 + Level 3.1 Maces & Flails
 - Level 0.5 Armour
 + Level 3.1 Dodging
 - Level 1.7 Stealth


You had 2 spell levels left.
You didn't know any spells.
Your spell library was empty.

Dungeon Overview and Level Annotations

Branches:
Dungeon (2/15)

Altars:


Innate Abilities, Weirdness & Mutations

You have an unusually large brain. (Int +2)


Message History

Found a stone staircase leading down.
There is a stone staircase leading down here.
You see here 8 stones.
An ogre comes into view. It is wielding a +0 giant club.
Found a robe.
The ogre shouts!
An ogre is nearby!
You hit the ogre.
The ogre is lightly wounded.
The ogre closely misses you.
You thump the ogre!
The ogre is moderately wounded.
The ogre hits you with a +0 giant club!
Ouch! That really hurt!
You are too injured to fight recklessly!
As you read the scroll labelled GUVUIK UTIK, it crumbles to dust.
You feel aware of your surroundings.
You sensed 1 altar.
It was a scroll of magic mapping.
The ogre closely misses you.
It was a potion of curing.
You feel better.
It was a potion of haste.
You feel yourself speed up. The ogre completely misses you.
Unknown command.
You hit the ogre.
The ogre is moderately wounded.
The ogre closely misses you.
You hit the ogre.
The ogre is moderately wounded.
The ogre hits you with a +0 giant club!
Ouch! That really hurt!
* * * LOW HITPOINT WARNING * * *
You hit the ogre.
The ogre is heavily wounded.
You hit the ogre.
The ogre is severely wounded.
The ogre completely misses you.
You hit the ogre.
The ogre is almost dead.
The ogre hits you with a +0 giant club!!
Ouch! That really hurt!
You die...

*,*,*,*,* *,* #.#
***,*,*,*,****,* #.#
*,,,*,*,*,,,,,,* #.#
**,***,*,*,,***#########.#######*
,,,,,,,,,,,,,,,.............[...*
,,,,,*,****,***#########.#####.**
,,,,,...,,,,* #...........#,*,*
,,,,*#.#****####O######.#..#.#,*
**,,,...,,,,..##@#...........#,*
****#.#**###.##.#.####.#....#,*
#.# #......#.# #.######,*
######.# #......#.# #..,,,,,,*
....##.# #......#.# ####******
.......####......#.#
....###...†......#.# ....#
#####......#.# ###### ....#
######.#.# #....#


You could see an ogre.

Vanquished Creatures
  An adder (D:2)
  A worm (D:2)
  5 ball pythons (D:1)
  2 bats (D:1)
  An endoplasm (D:2)
  A giant cockroach (D:1)
  4 jackals (D:2)
  A kobold (D:1)
  2 quokkas
  4 frilled lizards
  2 goblins (D:1)
  3 rats
27 creatures vanquished.

Notes
Turn   | Place    | Note
-------+----------+-------------------------------------------
     0 | D:1      | Stomo the Demonspawn Monk began the quest for the Orb.
     0 | D:1      | Reached XP level 1. HP: 18/18 MP: 1/1
   240 | D:1      | Gained mutation: You have an unusually large brain. (Int
                  | +2) [demonic ancestry]
   240 | D:1      | Reached XP level 2. HP: 23/24 MP: 2/2
   626 | D:1      | Found a faded altar of an unknown god.
  1500 | D:2      | Reached XP level 3. HP: 28/29 MP: 3/3
  1879 | D:2      | Noticed an ogre
  1902 | D:2      | Annihilated by an ogre

Illustrated notes

Levels and vault maps discovered:
D:1:      dpeg_arrival_stone_temple_mockup, layout_basic,
          shapermc_ecumenical_altar_mp_vishouse
D:2:      layout_basic, basic_altar

Skill      XL: |  1  2 |
---------------+-------+-----
Maces & Flails | 3 |  3.1
Dodging        | 3 |  3.1
Fighting       | |  3.4
Armour         | |  0.5
Stealth        | |  1.7

Action                   || total
-------------------------++-------
Melee: Mace              ||    84
       Punch             ||     4
  Use: Potion            ||     2
       Scroll            ||     1
 Stab: Sleeping          ||     4
Armor: Robe              ||    20
Dodge: Dodged            ||    61
